 Dungeon Crawl Stone Soup version 0.27-a0-585-g945025970d (webtiles) character file.

Game seed: 8382896205856874621

231 Ijustatesigmund the Skirmisher (level 5, 0/42 HPs)
             Began as a Demonspawn Fighter on Mar 10, 2021.
             Slain by an ogre
             ... wielding a +0 giant spiked club
              (19 damage)
             ... on level 3 of the Dungeon.
             The game lasted 00:06:29 (3478 turns).

Ijustatesigmund the Skirmisher (Demonspawn Fighter) Turns: 3478, Time: 00:06:29

Health: 0/42       AC: 10    Str: 16    XL:     5   Next: 72%
Magic:  5/5        EV:  7    Int: 10    God:
Gold:   117        SH:  9    Dex: 13    Spells: 4/4 levels left

rFire    + . .     SeeInvis .   a - +1 war axe
rCold    . . .     Faith    .   c - +1 kite shield
rNeg     . . .     Spirit   .   n - +3 scale mail {rF+}
rPois    .         Reflect  .   (helmet restricted)
rElec    .         Harm     .   (no cloak)
rCorr    .         Rampage  .   e - +0 pair of gloves
Will     .....                  (no boots)
Stlth    ..........             (no amulet)
HPRegen  0.14/turn              (no ring)
MPRegen  0.18/turn              (no ring)

@: mighty
A: horns 1, magic regeneration
a: no special abilities


You were on level 3 of the Dungeon.
You visited 1 branch of the dungeon, and saw 3 of its levels.

You collected 117 gold pieces.

Inventory:

Hand Weapons
 a - a +1 war axe (weapon)
Missiles
 g - 3 silver boomerangs (quivered)
Armour
 b - +0 swamp dragon scales
 c - a +1 kite shield (worn)
 e - a +0 pair of gloves (worn)
 n - a +3 scale mail of fire resistance (worn)
Jewellery
 h - a ring of fire
Wands
 l - a wand of flame (14)
Scrolls
 o - a scroll of fog
Potions
 d - a potion of might
 f - 2 potions of magic
 i - a potion of curing
 j - a potion of haste
 k - a potion of mutation {unknown}
 m - a potion of ambrosia {unknown}


   Skills:
 + Level 4.1 Fighting
 * Level 4.1 Axes
 - Level 2.6 Armour
 + Level 2.3 Dodging
 - Level 2.6 Shields


You had 4 spell levels left.
You didn't know any spells.
Your spell library was empty.

Dungeon Overview and Level Annotations

Branches:
Dungeon (3/15)

Altars:
Qazlal


Innate Abilities, Weirdness & Mutations

You have a pair of small horns on your head.
You regenerate magic rapidly.


Message History

Found 15 stones.
There is a stone staircase leading down here.
An orc comes into view.
The orc shouts!
You slash the orc!
You kill the orc!
No target in view!
No target in view!
No target in view!
No target in view!
No target in view!
No target in view!
Things that are here:
a +0 leather armour; an orc corpse An ogre comes into view.
It is wielding a +0 giant spiked club.
The ogre shouts!
You hit the ogre. Your headbutt misses the ogre.
The ogre is lightly wounded.
The ogre barely misses you.
You closely miss the ogre.
The ogre is lightly wounded.
You block the ogre's attack. The ogre closely misses you.
You hit the ogre.
The ogre is lightly wounded.
The ogre hits you with a +0 giant spiked club!!
Ouch! That really hurt!
You are too injured to fight recklessly!
You are too injured to fight recklessly!
You are too injured to fight recklessly!
You are too injured to fight recklessly!
You are too injured to fight recklessly!
You are too injured to fight recklessly!
You are too injured to fight recklessly!
You are too injured to fight recklessly!
You are too injured to fight recklessly!
You feel very mighty all of a sudden.
You slash the ogre! You headbutt the ogre!
The ogre is almost dead.
The ogre hits you with a +0 giant spiked club!!
You die...

#....#.#.........
#.#....#.#.........
#.#....#.#.........
#.#....#.#.........
#.#...[#.#.........
#.#....#.#.........
######.#....#.#.(..#####
......O#...........#
#..@........#..# ###
#..######.#.#..# #.#
##..######.#.#..###.#
.....................
......................
####..###.##.#.##.###.#
.......>.............
##..###.##.#.#..###.#
#..# #.##.#.#..###.#


You could see an ogre.

Vanquished Creatures
  Ijyb (D:3)
  Natasha (thrice) (D:2)
  Terence (D:2)
  3 adders (D:3)
  An ooze (D:2)
  2 worms
  3 dart slugs
  2 leopard geckos
  An orc (D:3)
  3 ball pythons
  9 bats
  3 giant cockroaches
  7 goblins
  5 hobgoblins
  2 jackals (D:1)
  7 frilled lizards
  9 kobolds
  4 rats
66 creatures vanquished.

Notes
Turn   | Place    | Note
-------+----------+-------------------------------------------
     0 | D:1      | Ijustatesigmund the Demonspawn Fighter began the quest for
                  | the Orb.
     0 | D:1      | Reached XP level 1. HP: 18/18 MP: 1/1
   460 | D:1      | Gained mutation: You regenerate magic rapidly. [demonic
                  | ancestry]
   460 | D:1      | Reached XP level 2. HP: 19/24 MP: 2/2
   764 | D:1      | Reached skill level 1 in Dodging
  1028 | D:1      | Reached XP level 3. HP: 25/29 MP: 3/3
  1882 | D:2      | Noticed Terence
  1882 | D:2      | Noticed Natasha
  1890 | D:2      | Killed Natasha
  1891 | D:2      | Reached XP level 4. HP: 20/35 MP: 4/4
  1894 | D:2      | Killed Terence
  2042 | D:2      | Noticed Natasha
  2057 | D:2      | Killed Natasha
  2135 | D:2      | Noticed Natasha
  2279 | D:2      | Noticed a fire elemental
  2281 | D:2      | Found a stormy altar of Qazlal.
  2283 | D:2      | Noticed a water elemental
  2283 | D:2      | Noticed an earth elemental
  2283 | D:2      | Noticed an air elemental
  2638 | D:3      | Gained mutation: You have a pair of small horns on your
                  | head. [demonic ancestry]
  2638 | D:3      | Reached XP level 5. HP: 42/42 MP: 5/5
  2702 | D:2      | Killed Natasha
  3028 | D:3      | Noticed Ijyb
  3050 | D:3      | Killed Ijyb
  3473 | D:3      | Noticed an ogre
  3478 | D:3      | Slain by an ogre

Illustrated notes

Levels and vault maps discovered:
D:1:      arrival_zaba_pyramid, layout_basic
D:2:      layout_rooms, nicolae_qazlal_style_of_elements, feat_on_display,
          uniq_natasha, uniq_terence
D:3:      layout_basic, marbit_many_paths, uniq_ijyb

Skill      XL: |  1  2  3  4  5 |
---------------+----------------+-----
Axes           | 2 3 4 |  4.1
Dodging        | 1 2 |  2.3
Fighting       | 4 |  4.1
Armour         | |  2.6
Shields        | |  2.6

Action                   |  1- 3 |  4- 6 || total
-------------------------+-------+-------++-------
Melee: War axe           |   139 |    86 ||   225
       Headbutt          |       |     7 ||     7
Throw: Boomerang         |       |     2 ||     2
Evoke: Wand              |       |     2 ||     2
  Use: Scroll            |     6 |     6 ||    12
       Potion            |       |     2 ||     2
Armor: Scale mail        |    56 |    44 ||   100
       Swamp dragon scal |     2 |       ||     2
Dodge: Dodged            |    40 |    26 ||    66
Block: Kite shield       |    84 |    45 ||   129

Table legend: (Time is in decaauts)
 A = Elapsed time spent in this place.
 B = Non-inter-level travel time spent in this place.
 C = Inter-level travel time spent in this place.
 D = Time resting spent in this place.
 E = Time spent auto-exploring this place.
 F = Levels seen in this place.
 G = Mean time per level.
                   A        B        C        D        E       F      G
               +--------+--------+--------+--------+--------+-----+--------+
         Total |   3645 |   3495 |    150 |    652 |   2039 |   3 | 1215.0 |
       Dungeon |   3645 |   3495 |    150 |    652 |   2039 |   3 | 1215.0 |
               +--------+--------+--------+--------+--------+-----+--------+

Top non-repeatable levels by time:
     D:2: 1539 daAuts
     D:1: 1241 daAuts
     D:3: 864 daAuts
